woodfighter, neutral female scurrid Tourist -------- |....i@. |.)...f| ........# |<.....|# --------# ### # ### -----.- # --.....| ##..>....| |......| |......| --.....| ------- woodfighter the Sightseer Experience level: 5 Strength: 13 Dexterity: 13 Constitution: 14 Intelligence: 11 Wisdom: 10 Charisma: 14 Health: 0(29) Energy: 24(24) Def: 0 Gold: 864 Moves: 2707 Dungeon seed: Mw74nLgVFdI3nA-j Game ID: woodfighter_1517856695 Your Inventory: Coins $ - 864 gold pieces Amulets v - an uncursed amulet of ESP (being worn) w - a cursed amulet of change Weapons a - 35 +2 darts (in quiver) D - 8 cursed -2 darts E - 4 cursed -3 darts Armor e - an uncursed +0 Hawaiian shirt (being worn) q - an uncursed +0 dwarvish cloak r - a blessed +0 leather cloak Y - an uncursed +0 elven mithril-coat Comestibles c - 2 uncursed tripe rations d - 2 uncursed pancakes f - an uncursed egg A - an uncursed tin of gecko meat T - 2 uncursed sprigs of wolfsbane Scrolls j - a blessed scroll of magic mapping k - 3 uncursed scrolls of magic mapping s - an uncursed scroll of light u - an uncursed scroll of remove curse z - 2 uncursed scrolls of scare monster G - 2 uncursed scrolls of confuse monster Potions H - a blessed potion of levitation M - an uncursed potion of healing Z - an uncursed potion of see invisible Wands n - a wand of secret door detection (0:14) p - a wand of sleep (0:4) F - a wand of enlightenment (0:13) W - a wand of light (0:13) Tools b - an uncursed blindfold l - an expensive camera (0:57) o - an uncursed oil lamp (0:1321) y - an uncursed credit card V - an uncursed tooled horn Spells and supernatural/magical abilities: Name Level Category Fail Memory W - pray for help -- divine ? -- Your skills at the end: Miscellaneous Skills wands [Basic] Weapon Skills dart [Basic] Spellcasting Skills Final Attributes: You were devoutly aligned. Your writing paw was ok. You were telepathic. You had infravision. You were very stealthy. You aggravated monsters. You are dead. Vanquished creatures: a giant beetle 2 Woodland-elves a rope golem a rock piercer a fog cloud a gnome lord 2 floating eyes a dwarf a homunculus 3 iguanas a centipede a giant bat a monkey a coyote 2 large kobolds 3 geckos a cave spider 2 yellow molds a green mold a red mold 12 jackals 4 kobolds 6 newts a goblin a sewer rat a grid bug 2 lichens 55 creatures vanquished. Voluntary challenges: You did not cause conflict. You were not invisible. You did not have reflection. You were not displaced. You never hit with a wielded weapon. You did not apply a unicorn horn. You did not use plumbed fixtures. You did not drink any magical draughts. You read items or engraved 2 times, starting on turn 2182. You never genocided any monsters. You never polymorphed an object. You never changed form. You used no wishes. You never split a pudding. You never wrote Elbereth's name. You never violated your personal moral code. Dungeon overview: The Dungeons of Doom: levels 1 to 9 Level 1 an altar to Blind Io a long staircase Level 2 a fountain stairs to The Gnomish Mines Level 3 a fountain Level 4 a fountain Level 5 a fountain Level 6 a jewelry store, a fountain Level 7 an altar to The Lady, a fountain Level 8 <- You were here Level 9 The Gnomish Mines: Level 3 stairs to The Dungeons of Doom History has recorded: On T:1 you entered the Dungeons of Doom to retrieve the Amulet of Yendor! On T:148 you reached level 2 of The Dungeons of Doom. On T:377 you reached level 1 of The Gnomish Mines. On T:456 you advanced to experience level 2. On T:534 you reached level 3 of The Dungeons of Doom. On T:695 you reached level 4 of The Dungeons of Doom. On T:868 you advanced to experience level 3. On T:922 you reached level 5 of The Dungeons of Doom. On T:1440 you advanced to experience level 4. On T:1661 you reached level 6 of The Dungeons of Doom. On T:1979 you advanced to experience level 5. On T:2287 you reached level 7 of The Dungeons of Doom. On T:2426 you reached level 8 of The Dungeons of Doom. On T:2677 you reached level 9 of The Dungeons of Doom. On T:2692 you prayed to The Lady. Score breakdown: Gold: 406 ( 40 points) Experience: 5 levels ( 400 points) Exploration: 9 levels ( 240 points) Discoveries: 14 items ( 700 points) Variety of kills: 27 monsters ( 1350 points) Major goal: (nothing yet) ( 0 points) Survival: died (score multiplied by 3) Total score: 8190 Latest messages: The rope golem loosens its grip slightly. (2x) You feel that The Lady is well-pleased. You feel much better. The dart hits the rope golem. The rope golem claws you! (2x) You are being choked. The dart hits the rope golem! The dart hits the rope golem. The dart hits the rope golem! The rope golem claws you! (2x) You are being choked. You destroy the rope golem! You hear the footsteps of a guard on patrol. a - 8 +2 darts (in quiver). You stop exploring. The dart hits the homunculus! The dart hits the homunculus. Kitty misses the homunculus. The homunculus bites! You die... Final status: Aloha woodfighter the Tourist, killed by a homunculus... You died in The Dungeons of Doom on dungeon level 8 with 8190 points, and 864 pieces of gold, after 2707 moves. You were level 5 with a maximum of 29 hit points when you died.